 Dungeon Crawl Stone Soup version 0.30-a0-1160-g6e42c06551 (webtiles) character file.

Game seed: 3783727506073354192

2827 lunkers the Zephyrmancer (level 10, -2/67 (69) HPs)
             Began as a Meteoran Air Elementalist on Apr 26, 2023.
             Was a Follower of Vehumet.
             Slain by Prince Ribbit (13 damage)
             ... on level 8 of the Dungeon.
             The game lasted 00:21:26 (2596 turns).

lunkers the Zephyrmancer (MeAE)                     Turns: 2596, Time: 00:21:27

HP:   -2/67 (69)    AC:  5    Str: 10    XL:     10   Next: 23%
MP:   11/23         EV: 12    Int: 27    God:    Vehumet [*.....]
Gold: 317           SH:  0    Dex: 15    Spells: 15/25 levels left

rFire   . . .        a - +2 short sword
rCold   . . .        (no shield)
rNeg    . . .        w - +0 robe
rPois   .            (no helmet)
rElec   .            g - +1 cloak
rCorr   .            d - +0 pair of gloves
SInv    .            (no boots)
Will    +....        (no amulet)
Stlth   +            m - +6 ring of intelligence
HPRegen 0.31/turn    (no ring)
MPRegen 0.18/turn

%: no passive effects
@: glowing, lightly drained
A: sense surroundings 2, otherworldly, glowing, explore regen
a: Renounce Religion


You were on level 8 of the Dungeon.
You worshipped Vehumet.
Vehumet was aware of your devotion.
You visited 2 branches of the dungeon, and saw 9 of its levels.
You also visited: Sewer.

You collected 317 gold pieces.

Inventory:

Hand Weapons
 a - a +2 short sword (weapon)
 i - a +1 dagger of flaming
 v - a +3 falchion
Armour
 d - a +0 pair of gloves (worn)
 f - a scarf of repulsion
 g - a +1 cloak (worn)
 w - a +0 robe (worn)
Jewellery
 m - a +6 ring of intelligence (left hand)
Wands
 x - a wand of mindburst (8)
Scrolls
 l - 3 scrolls of teleportation
 q - a scroll of magic mapping
 s - 2 scrolls of identify
 t - a scroll of silence {unknown}
 u - a scroll of blinking
 y - a scroll of fear {unknown}
 z - 3 scrolls of fog
Potions
 b - 3 potions of magic
 c - 2 potions of lignification
 e - a potion of cancellation
 h - a potion of attraction {unknown}
 j - 2 potions of haste
 k - 3 potions of curing
 n - 4 potions of heal wounds
 o - 2 potions of might {unknown}
 p - 3 potions of mutation {unknown}
 r - a potion of ambrosia {unknown}


   Skills:
 - Level 2.4 Dodging
 - Level 1.4 Stealth
 + Level 8.4 Spellcasting
 + Level 7.4 Conjurations
 * Level 11.8 Air Magic


You had 15 spell levels left.
You knew the following spells:

 Your Spells              Type           Power      Damage    Failure   Level
a - Shock                 Conj/Air       100%       1d9       1%          1
b - Static Discharge      Conj/Air       100%       2-7/arc   1%          2
c - Swiftness             Air            66%        N/A       1%          3
d - Airstrike             Air            33%        2d(5-21)  1%          4

Your spell library contained the following spells:

 Spells                   Type           Power      Damage    Failure   Level
 Kiss of Death            Conj/Necr      100%       2d13      1%          1


Dungeon Overview and Level Annotations

Branches:
Dungeon (8/15) Zot: 2348   Temple (1/1) D:6 Zot: 576   Sewer (visited)
   Lair: D:8-11

Altars:
Dithmenos
Elyvilon
Fedhas
Gozag
Hepliaklqana
Makhleb
Nemelex Xobeh
Okawaru
Qazlal
Ru
Sif Muna
Vehumet
Xom
Yredelemnul
Zin

Shops:
D:5 (   D:8 !:

Annotations:
D:8 Prince Ribbit


Innate Abilities, Weirdness & Mutations

You passively map the area around you.
You are easily found by Zot.
You glow in the dark.
You regain HP and MP as you explore.


Message History

A wight comes into view.
It is wielding a +3 halberd of freezing.
The wight moves out of view.
Casting: Static Discharge (safe; 1% risk of failure)
Confirm with . or Enter, or press ? or * to list all spells.
Okay, then.
Aiming: Shock (safe; 1% risk of failure)
Press: ? - help, Q - select action, (/) - cycle Shift-Dir - straight line, f - Prince Ribbit
Aim: Prince Ribbit (54% to hit)
The zap hits Prince Ribbit.
Prince Ribbit is lightly wounded.
Aiming: Shock (safe; 1% risk of failure)
Press: ? - help, Q - select action, (/) - cycle Shift-Dir - straight line, f/p - Prince Ribbit
Aim: Prince Ribbit (lightly wounded, 54% to hit)
The zap hits Prince Ribbit.
Prince Ribbit is lightly wounded.
Prince Ribbit barely misses you.
Casting: Shock (safe; 1% risk of failure)
Confirm with . or Enter, or press ? or * to list all spells.
Prince Ribbit is struck by an arc of lightning.
Prince Ribbit is moderately wounded.
You are struck by an arc of lightning.
The lightning grounds out.
Prince Ribbit misses you.
A wight comes into view.
It is wielding a +2 scimitar of freezing.
The wight hits you from afar with a +3 halberd.
* * * LOW HITPOINT WARNING * * *
You feel drained.
* * * LOW HITPOINT WARNING * * *
Prince Ribbit hits you!
* * * LOW HITPOINT WARNING * * *
Casting: Static Discharge (safe; 1% risk of failure)
Confirm with . or Enter, or press ? or * to list all spells.
Prince Ribbit is struck by an arc of lightning.
Prince Ribbit is moderately wounded.
The wight is struck by an arc of lightning!
The wight is severely damaged.
The lightning grounds out.
The wight hits you from afar with a +3 halberd!
* * * LOW HITPOINT WARNING * * *
Prince Ribbit hits you!
You die...

* ######################
, ,,
............†......... *
,
########.###.##########
, ........#...#.......,,
*
,..#########.∩.########
*,
,≈...#######...#########
,
.≈....!.##.###†.......#
,~,..≈...5F@#.#
#.†......### , ,,
,∩..≈..z#...#
#........... ,
,..≈..z.##.##
#......<.... ,,
.≈..z##*#.. #...........
* ,≈....* ##.#
############ * * .... ..
* * * , ,...z, ... , , ,
,, ###. , , ,* *


You could see Prince Ribbit, 3 wights and a white imp.

Vanquished Creatures
  6 yaks (D:8)
  A water moccasin (D:5)
  Pargi (Sewer)
  A black bear (D:5)
  An ogre (D:4)
  3 phantoms
  A bullfrog (D:7)
  2 scorpions (D:5)
  5 wights (D:7)
  4 killer bees (D:7)
  2 howler monkeys (D:7)
  3 jellies
  2 hounds
  3 orc priests
  A sleepcap (D:7)
  A gnoll bouda (D:7)
  Jessica (D:3)
  2 iguanas (D:6)
  3 orc wizards
  13 gnolls
  4 adders
  A shadow imp (D:4)
  A worm (D:2)
  4 dart slugs
  11 orcs
  2 bats (D:1)
  2 endoplasms
  7 giant cockroaches
  4 hobgoblins
  5 jackals
  7 kobolds
  6 quokkas
  4 ball pythons
  6 frilled lizards
  5 goblins
  3 rats
128 creatures vanquished.

Vanquished Creatures (others)
  31 plants (D:5)
31 creatures vanquished.

Grand Total: 159 creatures vanquished

Notes
Turn   | Place    | Note
-------+----------+-------------------------------------------
     0 | D:1      | lunkers the Meteoran Air Elementalist began the quest for
                  | the Orb.
     0 | D:1      | Reached XP level 1. HP: 14/14 MP: 5/5
    68 | D:1      | Reached XP level 2. HP: 20/20 MP: 4/6
    74 | D:1      | Reached skill level 4 in Air Magic
   203 | D:1      | Reached XP level 3. HP: 22/26 MP: 5/8
   206 | D:1      | Learned a level 2 spell: Static Discharge
   210 | D:1      | Learned a level 3 spell: Swiftness
   400 | D:2      | Reached skill level 5 in Air Magic
   400 | D:2      | Reached XP level 4. HP: 31/33 MP: 7/10
   462 | D:2      | Reached XP level 5. HP: 38/38 MP: 6/11
   467 | D:2      | Learned a level 4 spell: Airstrike
   641 | D:3      | Reached skill level 6 in Air Magic
   641 | D:3      | Reached XP level 6. HP: 19/45 MP: 2/13
   766 | D:3      | Noticed Jessica
   777 | D:3      | Killed Jessica
   799 | D:3      | Found a glowing drain.
   811 | Sewer    | Entered a sewer
   898 | Sewer    | Noticed Pargi
   908 | Sewer    | Killed Pargi
   909 | Sewer    | Reached XP level 7. HP: 7/50 MP: 1/15
   997 | D:3      | Found a burning altar of Makhleb.
  1036 | D:3      | Reached skill level 7 in Air Magic
  1057 | D:3      | Reached skill level 5 in Spellcasting
  1247 | D:4      | Reached XP level 8. HP: 52/57 MP: 0/17
  1489 | D:5      | Entered Level 5 of the Dungeon
  1492 | D:5      | Reached skill level 8 in Air Magic
  1497 | D:5      | Found Doxoozugee's Antique Weapon Emporium.
  1650 | D:5      | Reached skill level 5 in Conjurations
  1650 | D:5      | Reached skill level 9 in Air Magic
  1731 | D:5      | Found a glowing silver altar of Zin.
  1854 | D:6      | Found a basalt altar of Yredelemnul.
  1871 | D:6      | Gained mutation: You passively map the area around you.
                  | [Meteoran growth]
  1871 | D:6      | Reached XP level 9. HP: 62/62 MP: 14/19
  1932 | D:6      | Found a staircase to the Ecumenical Temple.
  1943 | Temple   | Entered the Ecumenical Temple
  1961 | Temple   | Became a worshipper of Vehumet
  2108 | D:6      | Found a stormy altar of Qazlal.
  2170 | D:6      | Found a blossoming altar of Fedhas.
  2315 | D:7      | Reached skill level 10 in Air Magic
  2425 | D:7      | Reached * piety under Vehumet
  2425 | D:7      | Offered knowledge of Kiss of Death by Vehumet.
  2459 | D:8      | Found Didufott's Book Shoppe.
  2469 | D:8      | Reached skill level 11 in Air Magic
  2550 | D:8      | Reached XP level 10. HP: 69/69 MP: 17/23
  2590 | D:8      | Noticed Prince Ribbit
  2591 | D:8      | Found Becur's Distillery.
  2596 | D:8      | Slain by Prince Ribbit

Illustrated notes

Levels and vault maps discovered:
D:1:      amcnicky_arrival_double_pillar, layout_basic, st_stairs_1
D:2:      layout_basic
D:3:      layout_loops_ring, nicolae_uskayaw_suspiria,
          mainiacjoe_overflow_small_starburst, ebering_ghost_disaster_area,
          gup_sewer_entry_pipe, kennysheep_cross_bottleneck, uniq_jessica
D:4:      layout_layer_cave, st_stairs_12
D:5:      kb_forest_paths, layout_loops_ring, zin_statuary, serial_shops,
          nicolae_shop_tiny_waterfront, serial_bayou_lagoon_a, kennysheep_dice
D:6:      layout_gridville, lemuel_crystal_altar, kennysheep_mini_moat,
          fedhas_altar_decomposition, temple_fountains, serial_shops, shop,
          uniq_menkaure
D:7:      layout_basic
D:8:      layout_basic, kennysheep_mini, lemuel_crystal_altar, serial_shops,
          shop, nicolae_book_shop_shelving, shop, nicolae_diamond_shop,
          enter_bailey_8, uniq_prince_ribbit1, uniq_amaemon
Temple:   hellmonk_temple_micro_hex

Skill      XL: |  1  2  3  4  5  6  7  8  9 |
---------------+----------------------------+-----
Air Magic      | 4 5 6 7 9 11 | 11.8
Spellcasting   | 3 4 5 6 8 |  8.4
Conjurations   | 2 3 4 5 7 |  7.4
Dodging        | |  2.4
Stealth        | |  1.4

Action                     |  1- 3 |  4- 6 |  7- 9 | 10-12 || total
---------------------------+-------+-------+-------+-------++-------
  Melee: Unarmed           |     2 |       |       |       ||     2
         Dagger            |       |    13 |    10 |       ||    23
         Short sword       |       |       |     1 |     6 ||     7
   Cast: Shock             |    49 |    33 |    60 |     7 ||   149
         Static Discharge  |       |    20 |    23 |    10 ||    53
         Airstrike         |       |     2 |    35 |       ||    37
    Use: Scroll            |       |     8 |     4 |       ||    12
 Armour: Robe              |    10 |     7 |     8 |     4 ||    29
  Dodge: Dodged            |    33 |    18 |    21 |     8 ||    80

Table legend: (Time is in decaauts)
 A = Elapsed time spent in this place.
 B = Non-inter-level travel time spent in this place.
 C = Inter-level travel time spent in this place.
 D = Time resting spent in this place.
 E = Time spent auto-exploring this place.
 F = Levels seen in this place.
 G = Mean time per level.
                   A        B        C        D        E       F      G
               +--------+--------+--------+--------+--------+-----+--------+
         Total |   2633 |   2509 |    124 |      0 |   1580 |  10 |  263.3 |
       Dungeon |   2451 |   2327 |    124 |      0 |   1486 |   8 |  306.4 |
        Temple |     23 |     23 |      0 |      0 |      0 |   1 |   23.0 |
         Sewer |    158 |    158 |      0 |      0 |     93 |   1 |  158.0 |
               +--------+--------+--------+--------+--------+-----+--------+

Top non-repeatable levels by time:
     D:4: 420 daAuts
     D:3: 375 daAuts
     D:5: 353 daAuts
     D:6: 320 daAuts
     D:7: 302 daAuts
     D:1: 299 daAuts
     D:2: 273 daAuts
   Sewer: 158 daAuts
     D:8: 105 daAuts
  Temple: 23 daAuts
